 Dungeon Crawl Stone Soup version 0.30-a0-989-g0d87f670db (webtiles) character file.

Game seed: 6124650373263811678

1264 Arcadio the Ducker (level 8, 0/59 HPs)
             Began as a Djinni Ice Elementalist on Apr 3, 2023.
             Slain by a gnoll
             ... wielding a +0 flail of protection
             ... led by a gnoll sergeant
              (3 damage)
             ... on level 6 of the Dungeon.
             The game lasted 00:22:02 (5020 turns).

Arcadio the Ducker (Djinni Ice Elementalist)        Turns: 5020, Time: 00:22:02

Health: 0/59       AC:  9    Str:  7    XL:     8   Next: 82%
Gold:   353        EV: 15    Int: 18    God:
                   SH:  0    Dex: 15

rFire   + + .      SeeInvis .    j - +1 trident (vamp)
rCold   x . .      Faith    .    (no shield)
rNeg    + . .      Spirit   .    a - +0 robe
rPois   ∞          Reflect  .    (no helmet)
rElec   .          Rampage  .    (no cloak)
rCorr   .                        f - +0 pair of gloves
Will    .....                    (boots unavailable)
Stlth   ++                       (no amulet)
HPRegen 0.29/turn                d - ring of positive energy
MPRegen 0.00/turn                (no ring)

@: ice-armoured, flying
A: sickness immunity, fire resistance 2, cold vulnerability 1, float, innate
caster, HP casting, extra vitality 1
a: no special abilities


You were on level 6 of the Dungeon.
You visited 1 branch of the dungeon, and saw 6 of its levels.

You collected 353 gold pieces.

Inventory:

Hand Weapons
 c - a +0 mace
 j - a +1 vampiric trident (weapon)
 m - a +0 dagger
 x - a +2 spectral club
Armour
 a - a +0 robe (worn)
 f - a +0 pair of gloves (worn)
 s - an orb of wrath
Magical Staves
 k - a staff of death
 A - a staff of fire
Jewellery
 d - a ring of positive energy (left hand)
Wands
 w - a wand of flame (8)
Scrolls
 b - 3 scrolls of teleportation {unknown}
 g - 2 scrolls of fear {unknown}
 i - a scroll of immolation
 l - a scroll of poison {unknown}
 r - a scroll of acquirement {unknown}
 t - 2 scrolls of fog {unknown}
 v - a scroll of amnesia {unknown}
 y - a scroll of blinking {unknown}
Potions
 e - 2 potions of invisibility
 h - 3 potions of curing
 n - a potion of mutation
 o - a potion of lignification {unknown}
 p - a potion of might {unknown}
 q - 3 potions of flight {unknown}
 u - a potion of ambrosia {unknown}
 z - a potion of brilliance {unknown}


   Skills:
 + Level 5.3 Fighting
 + Level 6.6 Dodging
 - Level 2.1 Stealth
 + Level 5.5 Spellcasting


You knew the following spells:

 Your Spells              Type           Power      Damage    Failure   Level
a - Freeze                Ice            96%        1d10      1%          1
b - Frozen Ramparts       Ice            48%        1d8       3%          3
c - Ozocubu's Armour      Ice            24%        N/A       3%          3
d - Summon Ice Beast      Ice/Summ       24%        N/A       13%         4
e - Slow                  Hex            96%        N/A       1%          1
f - Blink                 Tloc           48%        N/A       1%          2
g - Searing Ray           Conj           48%        2d6       1%          2
Your spell library was empty.

Dungeon Overview and Level Annotations

Branches:
Dungeon (6/15) Zot: 26539
 Temple: D:4-7

Altars:
Elyvilon
Fedhas
Makhleb
Yredelemnul
Zin
The Shining One

Shops:
D:6 =

Annotations:
D:1 1 transporter


Innate Abilities, Weirdness & Mutations

You are immune to sickness and miasma.
You are immune to poison.
Your flesh is very heat resistant. (rF++)
You are vulnerable to cold. (rC-)
You float through the air rather than walking.
You learn spells naturally, not from books.
Your magical power is your life essence.
You have superior vitality. (+4 MHP)


Message History

* * * LOW HITPOINT WARNING * * *
The wall freezes the gnoll.
The gnoll closely misses you.
The gnoll hits your ice beast with a +0 flail of protection.
Your ice beast dies!
Your ice beast disappears in a puff of smoke!
The wall freezes the gnoll sergeant.
The gnoll sergeant hits you but does no damage.
Your icy armour and frozen ramparts will break if you move.
Continue?
Okay, then.
You hit the gnoll.
You feel better.
The gnoll is moderately wounded.
The wall freezes the gnoll.
The gnoll barely misses you.
The wall freezes the gnoll sergeant but does no damage.
The gnoll sergeant completely misses you.
The wall freezes the gnoll.
The gnoll hits you with a +0 spear.
* * * LOW HITPOINT WARNING * * *
The wall freezes the gnoll but does no damage.
The gnoll misses you.
The wall freezes the kobold!
You kill the kobold!
The wall freezes the gnoll sergeant.
The gnoll sergeant barely misses you.
The wall freezes the gnoll.
The gnoll completely misses you.
You closely miss the gnoll.
The gnoll is severely wounded.
The wall freezes the gnoll.
The gnoll hits you with a +0 flail.
* * * LOW HITPOINT WARNING * * *
The wall freezes the gnoll.
The gnoll hits you with a +0 spear.
* * * LOW HITPOINT WARNING * * *
The wall freezes the gnoll sergeant but does no damage.
The gnoll sergeant hits you from afar with a +1 vampiric spear!
* * * LOW HITPOINT WARNING * * *
You puncture the gnoll!
You feel better.
You kill the gnoll!
The wall freezes the gnoll but does no damage.
The gnoll misses you.
The wall freezes the gnoll sergeant.
You kill the gnoll sergeant!
The wall freezes the gnoll.
You kill the gnoll!
You barely miss the gnoll.
The frozen ramparts melt away.
The gnoll hits you with a +0 flail of protection.
You die...

#####....##......)...
#.........#†.........
#.###.....#..........
#.# #.....#..........
#.# #....##..........
#.# #....#...........
#.# #....#.........
#)###g...#.....#...
#...@)........
#####)....#'#.
#...§).)..#
#g###.....# ....#.#
.#....... ..'.......#
g. #......... #.#
#....K....


You could see a gnoll.

Vanquished Creatures
  An ice beast (D:6)
  An ogre (D:4)
  A phantom (D:6)
  A kobold brigand (D:6)
  A gnoll sergeant (D:6)
  4 scorpions
  A howler monkey (D:5)
  A crimson imp (D:3)
  A jelly (D:4)
  4 orc priests
  Jessica (D:3)
  Ijyb (D:4)
  5 iguanas
  2 orc wizards
  2 gnolls (D:6)
  4 adders
  2 shadow imps (D:5)
  An ufetubus (D:3)
  A worm (D:4)
  18 orcs
  7 ball pythons
  7 bats
  7 endoplasms
  5 giant cockroaches
  5 goblins
  9 hobgoblins
  7 jackals
  3 quokkas
  2 frilled lizards
  10 kobolds
  6 rats
  A spectral orc (D:4)
122 creatures vanquished.

Vanquished Creatures (collateral kills)
  A gnoll (D:6)
1 creature vanquished.

Grand Total: 123 creatures vanquished

Notes
Turn   | Place    | Note
-------+----------+-------------------------------------------
     0 | D:1      | Arcadio the Djinni Ice Elementalist began the quest for the
                  | Orb.
     0 | D:1      | Arcadio set off with the following spells memorised:
                  | Freeze, Frozen Ramparts, Ozocubu's Armour, Summon Ice
                  | Beast.
     0 | D:1      | Reached XP level 1. HP: 15/15 MP: 0/0
   105 | D:1      | Reached XP level 2. HP: 17/21 MP: 0/0
   377 | D:1      | Found a faded altar of an unknown god.
   564 | D:1      | Reached XP level 3. HP: 10/25 MP: 0/0
   564 | D:1      | Learned a level 1 spell: Slow
   982 | D:2      | Reached skill level 3 in Dodging
  1278 | D:2      | Reached XP level 4. HP: 27/31 MP: 0/0
  1735 | D:3      | Reached skill level 1 in Fighting
  1804 | D:3      | Reached XP level 5. HP: 33/37 MP: 0/0
  1804 | D:3      | Learned a level 2 spell: Blink
  1901 | D:3      | Noticed Jessica
  1910 | D:3      | Killed Jessica
  2059 | D:3      | Reached skill level 4 in Dodging
  2092 | D:3      | Reached XP level 6. HP: 38/43 MP: 0/0
  2344 | D:3      | Found a burning altar of Makhleb.
  2968 | D:4      | Reached XP level 7. HP: 18/50 MP: 0/0
  2968 | D:4      | Learned a level 2 spell: Searing Ray
  3233 | D:4      | Found a basalt altar of Yredelemnul.
  3304 | D:4      | Found a glowing silver altar of Zin.
  3304 | D:4      | Found a white marble altar of Elyvilon.
  3306 | D:4      | Found a glowing golden altar of the Shining One.
  3334 | D:4      | Noticed Ijyb
  3357 | D:4      | Killed Ijyb
  3358 | D:4      | Reached skill level 5 in Dodging
  3711 | D:5      | Entered Level 5 of the Dungeon
  3785 | D:5      | Found a blossoming altar of Fedhas.
  3874 | D:5      | Reached XP level 8. HP: 43/58 MP: 0/0
  3981 | D:5      | Reached skill level 5 in Spellcasting
  4582 | D:6      | Found Ceoqioqu's Jewellery Boutique.
  4649 | D:6      | Reached skill level 6 in Dodging
  4896 | D:6      | Reached skill level 5 in Fighting
  5018 | D:6      | HP: 1/59 [gnoll sergeant/+1 vampiric spear (8)]
  5020 | D:6      | Slain by a gnoll

Illustrated notes

Levels and vault maps discovered:
D:1:      spicycebolla_arrival_risky_transporter, layout_rooms,
          hellmonk_ecumenical_altar_arch_garden
D:2:      layout_loops_ring, minmay_ruptured
D:3:      layout_basic, grunt_temple_overflow_lords_of_destruction,
          minmay_circle_x, uniq_jessica
D:4:      layout_layer_cave, dreamdust_divine_triumvirate,
          yredelemnul_forgotten_temple_becter, kiku_gazebo_pond_becter,
          hangedman_glass_teeth, uniq_ijyb
D:5:      layout_rooms, fedhas_altar_1
D:6:      layout_basic, marbit_many_paths, serial_shops, shop, minmay_liquid_box

Skill      XL: |  1  2  3  4  5  6  7  8 |
---------------+-------------------------+-----
Stealth        | 2 |  2.1
Dodging        | 3 4 5 6 |  6.6
Fighting       | 1 2 3 4 5 |  5.3
Spellcasting   | 4 5 |  5.5

Action                     |  1- 3 |  4- 6 |  7- 9 || total
---------------------------+-------+-------+-------++-------
  Melee: Mace              |    89 |     3 |       ||    92
         Punch             |     1 |     1 |     1 ||     3
         Dagger            |       |    73 |       ||    73
         Trident           |       |    29 |    50 ||    79
   Cast: Freeze            |    22 |    19 |     4 ||    45
         Frozen Ramparts   |     1 |     8 |    10 ||    19
         Ozocubu's Armour  |       |     2 |     4 ||     6
         Searing Ray       |       |       |    21 ||    21
         Summon Ice Beast  |       |       |     1 ||     1
    Use: Scroll            |     2 |     3 |       ||     5
         Potion            |       |       |     2 ||     2
   Stab: Sleeping          |     2 |     4 |       ||     6
 Armour: Robe              |    35 |    33 |    14 ||    82
  Dodge: Dodged            |    88 |    89 |    70 ||   247

Table legend: (Time is in decaauts)
 A = Elapsed time spent in this place.
 B = Non-inter-level travel time spent in this place.
 C = Inter-level travel time spent in this place.
 D = Time resting spent in this place.
 E = Time spent auto-exploring this place.
 F = Levels seen in this place.
 G = Mean time per level.
                   A        B        C        D        E       F      G
               +--------+--------+--------+--------+--------+-----+--------+
         Total |   5076 |   5008 |     68 |    246 |   3556 |   6 |  846.0 |
       Dungeon |   5076 |   5008 |     68 |    246 |   3556 |   6 |  846.0 |
               +--------+--------+--------+--------+--------+-----+--------+

Top non-repeatable levels by time:
     D:4: 1298 daAuts
     D:1: 885 daAuts
     D:5: 857 daAuts
     D:2: 790 daAuts
     D:3: 785 daAuts
     D:6: 459 daAuts
